 Dungeon Crawl Stone Soup version 0.29.1-1-gd02db6906a (webtiles) character file.

Game seed: 448034919453200921

2332 lonewolfV2 the Protected (level 9, 0/81 HPs)
             Began as a Hill Orc Fighter on Oct 16, 2022.
             Slain by a bullfrog (6 damage)
             ... on level 7 of the Dungeon.
             The game lasted 00:14:12 (7098 turns).

lonewolfV2 the Protected (Hill Orc Fighter)         Turns: 7098, Time: 00:14:13

Health: 0/81       AC: 13    Str: 21    XL:     9   Next: 42%
Magic:  9/9        EV:  6    Int:  8    God:
Gold:   296        SH:  5    Dex: 12    Spells: 8/8 levels left

rFire   . . .      SeeInvis .   w - +0 hand axe (vorpal)
rCold   . . .      Faith    .   c - +0 buckler
rNeg    . . .      Spirit   .   h - +0 plate armour {Will+}
rPois   .          Reflect  .   (no helmet)
rElec   .          Harm     .   (no cloak)
rCorr   .          Rampage  .   (no gloves)
Will    +....                   (no boots)
Stlth   ..........              f - amulet of regeneration
HPRegen 1.03/turn               (no ring)
MPRegen 0.11/turn               (no ring)

@: no status effects
A: no striking features
a: no special abilities


You were on level 7 of the Dungeon.
You visited 1 branch of the dungeon, and saw 7 of its levels.
You also visited: Ossuary.

You collected 356 gold pieces.
You spent 60 gold pieces at shops.

Inventory:

Hand Weapons
 w - a +0 vorpal hand axe (weapon)
Armour
 b - a +0 scale mail
 c - a +0 buckler (worn)
 h - a +0 plate armour of willpower (worn)
Jewellery
 f - an amulet of regeneration (around neck)
Scrolls
 a - 3 scrolls of identify
 l - 4 scrolls of teleportation
 n - 2 scrolls of magic mapping
 p - a scroll of silence
 q - a scroll of noise
 s - a scroll of torment
 x - a scroll of fear
 y - 2 scrolls of amnesia
Potions
 d - a potion of might
 e - 3 potions of brilliance
 g - 2 potions of cancellation
 i - a potion of flight
 j - a potion of lignification
 k - a potion of degeneration
 m - 8 potions of curing
 r - 2 potions of mutation
 t - a potion of resistance
 u - a potion of attraction
 v - a potion of berserk rage
 z - 2 potions of ambrosia {unknown}


   Skills:
 * Level 8.3 Fighting
 + Level 7.6 Axes
 + Level 8.5 Armour
 + Level 7.0 Shields


You had 8 spell levels left.
You didn't know any spells.
Your spell library contained the following spells:

 Spells                   Type           Power      Damage    Failure   Level
 Foxfire                  Conj/Fire      0%         2x1d4     100%        1
 Necrotise                Necr           0%         1d4       100%        1
 Slow                     Hex            0%         N/A       100%        1
 Call Canine Familiar     Summ           0%         N/A       100%        3
 Confusing Touch          Hex            0%         N/A       100%        3
 Conjure Flame            Conj/Fire      0%         6-21      100%        3
 Ignite Poison            Fire/Tmut/Pois 0%         N/A       100%        3
 Inner Flame              Hex/Fire       0%         N/A       100%        3
 Ozocubu's Armour         Ice            0%         N/A       100%        3
 Portal Projectile        Hex/Tloc       0%         N/A       100%        3
 Stone Arrow              Conj/Erth      0%         3d7       100%        3
 Vampiric Draining        Necr           0%         2d6       100%        3
 Animate Armour           Summ/Erth      0%         N/A       100%        4
 Flame Wave               Conj/Fire      0%         2d4       100%        4
 Leda's Liquefaction      Hex/Erth       0%         N/A       100%        4
 Sticky Flame             Conj/Fire      0%         2d3       100%        4
 Agony                    Necr           0%         N/A       100%        5
 Fireball                 Conj/Fire      0%         3d3       100%        5
 Metabolic Englaciation   Hex/Ice        0%         N/A       100%        5
 Simulacrum               Ice/Necr       0%         N/A       100%        6
 Starburst                Conj/Fire      0%         6d3       100%        6
 Ignition                 Fire           0%         3d3       100%        8
 Lehudib's Crystal Spear  Conj/Erth      0%         10d2      100%        8


Dungeon Overview and Level Annotations

Branches:
Dungeon (7/15)             Temple (0/1) D:4         Ossuary (visited)

Altars:
Sif Muna
Trog
Vehumet
Xom

Shops:
D:5 !


Message History

Found a stone staircase leading down.
The orc wizard shouts!
The orc shouts!
You hear a shout!
The teleport trap disappears.
The bullfrog disappears!
The bullfrog reappears nearby!
The electric eel shoots out a bolt of lightning at you!
The bolt of electricity hits you! The orc attacks as you move away!
The orc hits you but does no damage. The orc hits you but does no damage.
The orc wizard attacks as you move away!
The orc wizard hits you but does no damage.
You hit the orc wizard but do no damage.
An orc comes into view. It is wielding a +0 flail.
You block the orc wizard's attack.
You closely miss the orc wizard.
The orc wizard hits you but does no damage.
You closely miss the orc wizard.
The orc wizard hits you but does no damage.
You hit the orc wizard.
The orc wizard is heavily wounded.
The orc wizard hits you but does no damage.
You slash the orc wizard!
You kill the orc wizard!
You hit the orc. The orc hits you but does no damage.
The orc sings a few bars from the Orcish anthem.
The bullfrog barely misses you.
Your Shields skill increases to level 7!
You slash the bullfrog!
The bullfrog is heavily wounded.
You hit the orc. The orc hits you with a +0 whip.
The electric eel shoots out a bolt of lightning at you!
The bolt of electricity hits the orc!
The orc dies!
The bolt of electricity hits you! x2
* * * LOW HITPOINT WARNING * * *
The bullfrog hits you.
* * * LOW HITPOINT WARNING * * *
You barely miss the bullfrog.
The bullfrog is heavily wounded.
The bullfrog hits you.
You die...

##..~~..~~...#
#...~..~≈....
#.#.~..~~._.#
#.#.~..S~....
#...~~..≈~.##
#....≈~..~.. #
##....~~..~~.
#...##..##).~..~~
.......oF@..~~..~
.....##o###......
....# ### #.##..
.... .# >.. #.


You could see a bullfrog, an electric eel and 2 orcs.

Vanquished Creatures
  A wraith (Ossuary)
  3 vampire mosquitoes (D:7)
  2 water moccasins
  Duvessa (D:4)
  A black bear (D:7)
  3 centaurs
  An ogre (D:5)
  Blork the orc (D:6)
  A necrophage (D:4)
  A scorpion (D:5)
  Dowan (D:4)
  4 crimson imps (D:4)
  3 hounds
  A gnoll bouda (D:6)
  3 jellies
  Natasha (D:2)
  4 iguanas
  3 orc wizards
  A mummy (Ossuary)
  Robin (D:4)
  9 gnolls
  4 adders
  2 white imps (D:6)
  An ufetubus (D:4)
  A worm (D:2)
  A dart slug (D:1)
  13 orcs
  7 bats
  6 endoplasms
  A giant cockroach (D:1)
  14 goblins
  13 hobgoblins
  5 jackals (D:4)
  7 quokkas
  8 ball pythons
  8 frilled lizards
  7 gnoll skeletons (Ossuary)
  3 kobolds
  4 kobold skeletons (Ossuary)
  14 orc skeletons (Ossuary)
  An orc zombie (D:5)
  4 rats
170 creatures vanquished.

Vanquished Creatures (others)
  2 orcs (D:7)
  A bush (D:6)
  2 plants (D:5)
5 creatures vanquished.

Grand Total: 175 creatures vanquished

Notes
Turn   | Place    | Note
-------+----------+-------------------------------------------
     0 | D:1      | lonewolfV2 the Hill Orc Fighter began the quest for the
                  | Orb.
     0 | D:1      | Reached XP level 1. HP: 19/19 MP: 1/1
   122 | D:1      | Reached XP level 2. HP: 15/27 MP: 2/2
   329 | D:1      | Reached XP level 3. HP: 33/33 MP: 3/3
  1449 | D:2      | Found a radiant altar of Vehumet.
  1455 | D:2      | Noticed Natasha
  1463 | D:2      | Killed Natasha
  1464 | D:2      | Reached XP level 4. HP: 35/40 MP: 4/4
  1761 | D:3      | Found a faded altar of an unknown god.
  2284 | D:4      | Reached XP level 5. HP: 47/47 MP: 5/5
  2296 | D:4      | Noticed Robin
  2308 | D:4      | Killed Robin
  2508 | D:4      | Found a staircase to the Ecumenical Temple.
  2619 | D:4      | Reached skill level 5 in Armour
  2619 | D:4      | Reached XP level 6. HP: 52/55 MP: 6/6
  2739 | D:4      | Noticed Duvessa
  2741 | D:4      | Noticed Dowan
  2756 | D:4      | Killed Duvessa
  2757 | D:4      | Reached skill level 5 in Fighting
  2767 | D:4      | Killed Dowan
  2768 | D:4      | Reached XP level 7. HP: 12/61 MP: 7/7
  2881 | D:4      | Found a shimmering altar of Xom.
  2888 | D:4      | Reached skill level 5 in Axes
  2897 | D:4      | Reached skill level 5 in Shields
  3334 | D:5      | Entered Level 5 of the Dungeon
  3334 | D:5      | Found a sand-covered staircase.
  3355 | Ossuary  | Entered an ossuary
  3355 | Ossuary  | Noticed a wraith
  3355 | Ossuary  | Noticed a wraith
  3355 | Ossuary  | Noticed a wraith
  3721 | Ossuary  | Noticed a wraith
  3742 | Ossuary  | Killed a wraith
  3743 | Ossuary  | Reached XP level 8. HP: 62/70 MP: 8/8
  3864 | D:5      | Found Xacum's Distillery.
  3883 | D:5      | Bought a potion of heal wounds for 60 gold pieces
  6049 | D:6      | Noticed Blork the orc
  6072 | D:6      | Found a shimmering blue altar of Sif Muna.
  6180 | D:6      | Killed Blork the orc
  6280 | D:7      | Reached XP level 9. HP: 38/79 MP: 9/9
  6712 | D:7      | Found a radiant altar of Vehumet.
  7064 | D:7      | Found a bloodstained altar of Trog.
  7098 | D:7      | Slain by a bullfrog

Illustrated notes

Levels and vault maps discovered:
D:1:      dpeg_arrival_lava_altar, layout_basic
D:2:      layout_loops_ring, basic_altar, uniq_natasha
D:3:      layout_basic, hellmonk_ecumenical_altar_heavens_door
D:4:      layout_basic, led_xom_imps, minmay_temple_entry_statues_fountains,
          uniq_duvessa, uniq_robin
D:5:      layout_loops_corners, enter_ossuary_3, minmay_shop_grid_forest,
          chequers_big_river, water_maze_lemuel
D:6:      layout_loops_ring, tgw_sif, mainiacjoe_overflow_six_doors_small,
          kb_lookout_dungeons_type
D:7:      layout_basic, mainiacjoe_overflow_catch_the_wave

Skill      XL: |  1  2  3  4  5  6  7  8  9 |
---------------+----------------------------+-----
Axes           | 3 4 5 7 |  7.6
Fighting       | 4 5 7 8 |  8.3
Armour         | 4 5 6 8 |  8.5
Shields        | 4 5 6 7 |  7.0

Action                   |  1- 3 |  4- 6 |  7- 9 || total
-------------------------+-------+-------+-------++-------
Melee: War axe           |   128 |   214 |   150 ||   492
       Hand axe          |       |       |   221 ||   221
  Use: Scroll            |       |     9 |    10 ||    19
       Potion            |       |     2 |     4 ||     6
Armor: Scale mail        |    76 |     7 |       ||    83
       Plate armour      |       |   158 |   273 ||   431
Dodge: Dodged            |    75 |    52 |    97 ||   224
Block: Buckler           |    35 |    50 |   122 ||   207
